 Dungeon Crawl Stone Soup version 0.26-a0-489-g112e8ad46e (webtiles) character file.

Game seed: 12100448599272276961

29 MrRokkomies the Ducker (level 3, -2/17 HPs)
             Began as a Felid Chaos Knight on Aug 3, 2020.
             Was a Plaything of Xom.
             Slain by a worker ant (5 damage)
             ... on level 2 of the Dungeon.
             The game lasted 00:03:41 (6921 turns).

MrRokkomies the Ducker (Felid Chaos Knight)         Turns: 6921, Time: 00:03:41

Health: -2/17      AC:  1    Str:  8    XL:     3   Next: 1%
Magic:  4/4        EV: 17    Int: 14    God:    Xom [..*...]
Gold:   55         SH:  0    Dex: 15    Spells: 2/2 levels left
                                        Lives:  0   Deaths: 0

rFire    . . .     SeeInvis +     - Unarmed
rCold    . . .     Faith    .   (shield unavailable)
rNeg     . . .     Spirit   .   (armour unavailable)
rPois    .         Reflect  .   (helmet unavailable)
rElec    .         Harm     .   (cloak unavailable)
rCorr    +                      (gloves unavailable)
MR       .....                  (boots unavailable)
Stlth    ++........             (no amulet)
HPRegen  0.05/turn              j - ring of resist corrosion
MPRegen  0.09/turn              (no ring)

@: lethally poisoned (-2 -> -11), heavily drained, quick
A: very small, no armour, no weapons or thrown items, stealth, claws 1, fangs 3,
see invisible, speed 1, shaggy fur 1, sharp paws
a: Renounce Religion


You were on level 2 of the Dungeon.
You worshipped Xom.
You were a toy of Xom.
You visited 1 branch of the dungeon, and saw 2 of its levels.

You collected 55 gold pieces.

Inventory:

Jewellery
 j - a ring of resist corrosion (left paw)
Scrolls
 a - a scroll of random uselessness {unknown}
 c - a scroll of amnesia {unknown}
 d - a scroll of teleportation {unknown}
 e - a scroll of fog {unknown}
 i - 2 scrolls of identify {unknown}
 l - a scroll of remove curse {unknown}
Potions
 b - a potion of flight {unknown}
 f - a potion of heal wounds {unknown}
 g - 2 potions of curing {unknown}
 h - 2 potions of might {unknown}
 k - a potion of berserk rage {unknown}


   Skills:
 + Level 3.2(1.8) Fighting
 * Level 3.8(2.4) Dodging
 + Level 1.2(0.0) Stealth
 * Level 3.4(2.0) Unarmed Combat


You had 2 spell levels left.
You didn't know any spells.
Your spell library was empty.

Dungeon Overview and Level Annotations

Branches:
Dungeon (2/15)

Altars:
Xom


Innate Abilities, Weirdness & Mutations

You cannot wear armour.
You are incapable of wielding weapons or throwing items.
Your paws allow you to move quietly. (Stealth)
You have sharp claws.
You have razor-sharp teeth.
You have supernaturally acute eyesight. (SInv)
You cover ground quickly.
You are covered in fur. (AC +1)
Your sharp claws are effective at attacking unaware monsters.


Message History

The worker ant closely misses you.
You completely miss the worker ant. The worker ant barely misses you.
You closely miss the worker ant. The worker ant bites you!
You are too injured to fight recklessly!
You are too injured to fight recklessly!
You are too injured to fight recklessly!
You are too injured to fight recklessly!
You closely miss the worker ant. The worker ant misses you.
You scratch the worker ant. Your bite misses the worker ant.
The worker ant is lightly wounded.
The worker ant bites you.
* * * LOW HITPOINT WARNING * * *
You are lethally poisoned!
The worker ant poisons you!
You closely miss the worker ant.
The worker ant is lightly wounded.
* * * LOW HITPOINT WARNING * * *
You feel sick. The worker ant bites you.
You die...
Xom bursts into laughter!

##.......##
##...###.#
##.....## ##..#
#.# ##...##
#..###.# ##'##
#...##.# #.#
##..##.# ###.#####
#.....# ........#
##.####
....##.########.#
#.....w...a@.....#
#....##.##########
.... #.# #.# #.# #
#.# #.# ..# ##


You could see a worm and a worker ant.

Vanquished Creatures
  An adder (D:2)
  A dart slug (D:1)
  A giant cockroach (D:1)
  A hobgoblin (D:2)
  A ball python (D:1)
  2 bats
  2 frilled lizards
  4 goblins
  3 kobolds
  4 rats
20 creatures vanquished.

Notes
Turn   | Place    | Note
-------+----------+-------------------------------------------
     0 | D:1      | MrRokkomies the Felid Chaos Knight began the quest for the
                  | Orb.
     0 | D:1      | Reached XP level 1. HP: 10/10 MP: 2/2
  1451 | D:1      | XOM is BORED!
  1451 | D:1      | XOM: noise
  2286 | D:1      | XOM: 1-stop teleportation journey
  2490 | D:1      | XOM: 1-stop teleportation journey
  2555 | D:1      | XOM is BORED!
  2555 | D:1      | XOM: noise
  2902 | D:1      | XOM: god gift: plate armour {god gift}
  2938 | D:1      | XOM: cloud trail
  3046 | D:1      | XOM: god gift: scroll labeled TOGIVE HEPP {god gift}
  3227 | D:1      | XOM is BORED!
  3258 | D:1      | XOM: god gift: purple potion {god gift}
  3525 | D:1      | XOM: noise
  3664 | D:1      | XOM: divination: detect items
  3808 | D:1      | XOM: scenery: 1 doors open
  4227 | D:1      | XOM: 8-stop teleportation journey
  4411 | D:1      | XOM: 1-stop teleportation journey
  4569 | D:1      | Reached XP level 2. HP: 11/14 MP: 3/3
  4597 | D:1      | XOM: cloud trail
  5279 | D:1      | XOM: noise
  5465 | D:1      | XOM: divination: detect creatures
  5512 | D:1      | XOM: cloud trail
  5547 | D:1      | Touched by the power of Zot.
  5558 | D:2      | XOM: stealth player
  6418 | D:2      | XOM is BORED!
  6418 | D:2      | Found a shimmering altar of Xom.
  6418 | D:2      | XOM: 6-stop teleportation journey
  6425 | D:2      | Reached skill level 1 in Stealth
  6886 | D:2      | Reached XP level 3. HP: 17/17 MP: 4/4
  6921 | D:2      | Slain by a worker ant

Illustrated notes

Levels and vault maps discovered:
D:1:      dpeg_arrival_rhombus, layout_basic
D:2:      layout_loops_corners, lemuel_crystal_altar, grunt_qazlal_sundering,
          dk_yredelemnul_ordeal

Skill      XL: |  1  2 |
---------------+-------+-----
Stealth        | 1 |  1.2
Fighting       | |  3.2
Dodging        | |  3.8
Unarmed Combat | |  3.4

Action                   || total
-------------------------++-------
Melee: Unarmed           ||    59
       Bite              ||     4
 Stab: Sleeping          ||     3
Armor: Skin              ||     1
Dodge: Dodged            ||    49

Table legend: (Time is in decaauts)
 A = Elapsed time spent in this place.
 B = Non-inter-level travel time spent in this place.
 C = Inter-level travel time spent in this place.
 D = Time resting spent in this place.
 E = Time spent auto-exploring this place.
 F = Levels seen in this place.
 G = Mean time per level.
                   A        B        C        D        E       F      G
               +--------+--------+--------+--------+--------+-----+--------+
         Total |   6803 |   6795 |      8 |   6104 |    551 |   2 | 3401.5 |
       Dungeon |   6803 |   6795 |      8 |   6104 |    551 |   2 | 3401.5 |
               +--------+--------+--------+--------+--------+-----+--------+

Top non-repeatable levels by time:
     D:1: 5460 daAuts
     D:2: 1343 daAuts
